 Dungeon Crawl Stone Soup version 0.30-a0-118-ga018f8e90f (webtiles) character file.

Game seed: 15318756937706374797

16 Newt the Ducker (level 2, 0/22 HPs)
             Began as a Demonspawn Gladiator on Sept 13, 2022.
             Slain by an adder (4 damage)
             ... on level 1 of the Dungeon.
             The game lasted 00:00:54 (968 turns).

Newt the Ducker (Demonspawn Gladiator)               Turns: 968, Time: 00:00:55

Health: 0/22       AC:  5    Str: 14    XL:     2   Next: 41%
Magic:  2/2        EV: 12    Int:  9    God:
Gold:   39         SH:  0    Dex: 14    Spells: 1/1 levels left

rFire   . . .      SeeInvis .    g - +0 great sword
rCold   . . .      Faith    .    (shield currently unavailable)
rNeg    . . .      Spirit   .    b - +0 leather armour
rPois   .          Reflect  .    c - +1 helmet
rElec   .          Harm     .    (no cloak)
rCorr   .          Rampage  .    (no gloves)
Will    .....                    (no boots)
Stlth   ++........               (no amulet)
HPRegen 0.07/turn                (no ring)
MPRegen 0.16/turn                (no ring)

@: no status effects
A: magic regeneration
a: no special abilities


You were on level 1 of the Dungeon.
You visited 1 branch of the dungeon, and saw 2 of its levels.

You collected 39 gold pieces.

Inventory:

Hand Weapons
 a - a +0 rapier
 f - a +0 lajatang of electrocution
 g - a +0 great sword (weapon)
Missiles
 d - 3 throwing nets (quivered)
 e - a javelin
Armour
 b - a +0 leather armour (worn)
 c - a +1 helmet (worn)
Jewellery
 j - an amulet of magic regeneration
Scrolls
 n - a scroll of vulnerability {unknown}
Potions
 h - a potion of degeneration {unknown}
 k - a potion of flight {unknown}
 l - a potion of haste {unknown}


   Skills:
 - Level 2.0 Fighting
 - Level 2.6(2.7) Short Blades
 + Level 0.4(1.7) Long Blades
 - Level 1.7 Throwing
 - Level 2.6 Dodging
 - Level 2.0 Stealth


You had one spell level left.
You didn't know any spells.
Your spell library contained the following spells:

 Spells                   Type           Power      Damage    Failure   Level
 Ozocubu's Armour         Ice            0%         N/A       83%         3
 Ozocubu's Refrigeration  Ice            0%         4d7       100%        7


Dungeon Overview and Level Annotations

Branches:
Dungeon (2/15)

Altars:


Innate Abilities, Weirdness & Mutations

You regenerate magic rapidly.


Message History

Done exploring.
(D) Dungeon
Where to? (? - help)
There is an abandoned shop here.
There is a stone staircase leading down here.
You climb downwards.
There is a stone staircase leading up here.
There are monsters nearby!
As you read the scroll labelled BENUEG XIEVEA, it crumbles to dust.
It is a scroll of enchant armour.
Your +0 helmet glows green for a moment.
The adder hisses angrily.
As you read the scroll labelled ILLASCHIAXU, it crumbles to dust.
Your body is wracked with pain!
The worm convulses!
The adder convulses!
It was a scroll of torment.
This is a scroll of acquirement!
Something appears at your feet!
Unknown command.
f - a +0 lajatang of electrocution The kobold shouts!
You hear an angry hiss.
A hobgoblin comes into view.
Found a fuming pink potion.
Unknown command.
The adder bites you.
You are poisoned.
The adder poisons you!
There is a stone staircase leading up, spattered with blood here.
You feel sick.
The hobgoblin shouts!
You hear an angry hiss.
The adder bites you but does no damage. The adder bites you.
You climb upwards.
You feel sick.
There is a stone staircase leading down here.
Unknown command.
An adder is nearby!
You miss the adder.
The adder is moderately wounded.
You feel sick.
You are no longer poisoned.
The adder bites you but does no damage. The adder bites you.
You die...

#.[# #.# #.#.# #..######.#
##.#.#### #..##...#.#####........
##### #..#.###........)#.####
....# #...## ##.######.#.....
###.#######...#####........######
###...........#...#.########
...###########†(.S..# ###.##
###...@...# # ##.######.........#
#........#.......# #
##.######.........#
###......(..###...###
...########## ##### ####


You could see an adder.

Vanquished Creatures
  2 endoplasms (D:1)
  A giant cockroach (D:1)
  2 kobolds (D:1)
  A quokka (D:1)
  A ball python (D:1)
  2 bats (D:1)
  4 goblins (D:1)
  2 rats (D:1)
15 creatures vanquished.

Notes
Turn   | Place    | Note
-------+----------+-------------------------------------------
     0 | D:1      | Newt the Demonspawn Gladiator began the quest for the Orb.
     0 | D:1      | Reached XP level 1. HP: 16/16 MP: 1/1
   133 | D:1      | Reached skill level 1 in Stealth
   478 | D:1      | Gained mutation: You regenerate magic rapidly. [demonic
                  | ancestry]
   478 | D:1      | Reached XP level 2. HP: 22/22 MP: 2/2
   962 | D:2      | Identified a scroll of acquirement
   962 | D:2      | Acquired a +0 lajatang of electrocution
   968 | D:1      | Slain by an adder

Illustrated notes

Levels and vault maps discovered:
D:1:      amcnicky_arrival_abandoned_market, layout_loops_ring
D:2:      layout_rooms, serial_shops, nicolae_shop_hallway_plus,
          nicolae_shop_waterfront, minmay_pentomino_v4

Skill      XL: |  1  2 |
---------------+-------+-----
Stealth        | 1 2 |  2.0
Fighting       | |  2.0
Short Blades   | |  2.6
Long Blades    | |  0.4
Throwing       | |  1.7
Dodging        | |  2.6

Action                   || total
-------------------------++-------
Melee: Great sword       ||    32
       Rapier            ||     6
  Use: Scroll            ||     3
Armor: Leather armour    ||    14
Dodge: Dodged            ||    25

Table legend: (Time is in decaauts)
 A = Elapsed time spent in this place.
 B = Non-inter-level travel time spent in this place.
 C = Inter-level travel time spent in this place.
 D = Time resting spent in this place.
 E = Time spent auto-exploring this place.
 F = Levels seen in this place.
 G = Mean time per level.
                   A        B        C        D        E       F      G
               +--------+--------+--------+--------+--------+-----+--------+
         Total |    987 |    956 |     31 |      0 |    807 |   2 |  493.5 |
       Dungeon |    987 |    956 |     31 |      0 |    807 |   2 |  493.5 |
               +--------+--------+--------+--------+--------+-----+--------+

Top non-repeatable levels by time:
     D:1: 979 daAuts
     D:2: 7 daAuts
